 Dungeon Crawl Stone Soup version 0.24.0-29-g8ce449bc06 (webtiles) character file.

Game seed: 8777242452300319658, levelgen mode: deterministic

231 95kv the Grasshopper (level 5, 0/39 HPs)
             Began as a Demigod Warper on Nov 15, 2019.
             Killed by divine providence
             ... invoked by an orc priest
              (12 damage)
             ... on level 4 of the Dungeon.
             The game lasted 00:29:46 (4838 turns).

95kv the Grasshopper (Demigod Warper)               Turns: 4838, Time: 00:29:46

Health: 0/39       AC:  7    Str: 11 (14) XL:     5   Next: 44%
Magic:  11/11      EV: 12    Int: 16 (17) God:
Gold:   45         SH:  0    Dex: 22 (24) Spells: 5/9 levels left

rFire    . . .     SeeInvis .   n - +0 trident
rCold    . . .     Gourm    .   (no shield)
rNeg     . . .     Faith    .   p - +2 ring mail {MR+}
rPois    .         Spirit   .   (helmet restricted)
rElec    .         Reflect  .   (no cloak)
rCorr    .         Harm     .   (no gloves)
MR       +....                  (no boots)
Stlth    ++........             (no amulet)
HPRegen  0.13/turn              j - +3 ring of dexterity
MPRegen  0.12/turn              (no ring)

@: no status effects
A: antennae 1, thin skeletal structure 2, frail 1, high mp 1
a: no special abilities


You were on level 4 of the Dungeon.
You were not hungry.

You visited 1 branch of the dungeon, and saw 4 of its levels.

You collected 45 gold pieces.

Inventory:

Hand Weapons
 a - a +1 spear
 n - a +0 trident (weapon)
Missiles
 e - 5 boomerangs of dispersal (quivered)
Armour
 b - a +0 leather armour
 g - a +0 scale mail
 m - a +1 helmet
 p - a +2 ring mail of magic resistance (worn)
Jewellery
 j - a +3 ring of dexterity (left hand)
Scrolls
 c - a scroll of remove curse {unknown}
 d - 2 scrolls of blinking
 i - a scroll of teleportation
 l - a scroll of magic mapping {unknown}
 o - a scroll of noise {unknown}
 t - a scroll of random uselessness {unknown}
Potions
 q - a potion of flight
Comestibles
 f - 4 rations


   Skills:
 + Level 2.8 Fighting
 + Level 2.8 Polearms
 - Level 0.8 Throwing
 + Level 2.2 Armour
 + Level 2.8 Dodging
 + Level 2.6 Spellcasting
 + Level 3.0 Translocations


You had 5 spell levels left.
You knew the following spells:

 Your Spells              Type           Power        Failure   Level  Hunger
a - Blink                 Tloc           N/A          21%         2    ##.....
b - Shroud of Golubria    Chrm/Tloc      #.....       36%         2    ##.....

Your spell library contained the following spells:

 Spells                   Type           Power        Failure   Level  Hunger
 Gell's Gravitas          Tloc           ##........   36%         3    ###....
 Lesser Beckoning         Tloc           ##........   36%         3    ###....
 Teleport Other           Tloc           ##......     36%         3    ###....
 Beastly Appendage        Tmut           #.....       43%         1    #......
 Sticks to Snakes         Tmut           #.......     56%         2    ##.....
 Passage of Golubria      Tloc           N/A          78%         4    #####..
 Spider Form              Tmut/Pois      #.........   80%         3    ###....
 Ice Form                 Ice/Tmut       #.......     99%         4    #####..
 Blade Hands              Tmut           #.........   100%        5    ######.


Dungeon Overview and Level Annotations

Branches:
Dungeon (4/15)
 Temple: D:4-7


Innate Abilities, Weirdness & Mutations

You have an increased reservoir of magic. (+10% MP)
You have a pair of small antennae on your head.
You have a moderately thin skeletal structure. (Dex +4, Stealth+)
You are frail. (-10% HP)


Message History

The orc priest hits you with a +0 flail.
Your shroud falls apart!
It was a potion of mutation.
You feel extremely strange.
Your bones become slightly less dense.
You feel frail.
Your bones become somewhat less dense.
A pair of antennae grows on your head!
Your +1 helmet falls away!
The orc priest barely misses you.
Sorry, you're not good enough to have a special ability.
It was a potion of degeneration.
There was something very wrong with that liquid.
You feel weakened.
You feel dopey.
You feel clumsy. The orc priest barely misses you.
You barely miss the orc priest.
The orc priest is heavily wounded.
The orc priest hits you with a +0 flail.
* * * LOW HITPOINT WARNING * * *
The orc priest casts a cantrip, but nothing happens.
You see here a dagger.
The orc priest calls down the wrath of Beogh upon you.
Beogh smites you!
You die...

.##########
#.# ...# #)#
(#.# #.# .#.#
#o# .#.# #o#
.#.# #.# >#.#
#.# .#.# #.#
)#.# #@# .#.#
#.#
.#.###########
#.#
.#...........#
#.#
.###########.#
#.# .# #.# #.#
.# #.# #.# .#
#.# #.# .# #.#
#.#


You could see an orc priest and an orc.

Vanquished Creatures
  An orc priest (D:1)
  Terence (D:3)
  A worker ant (D:4)
  A hound skeleton (D:4)
  4 adders
  3 oozes
  2 worms
  2 dart slugs
  2 leopard geckos (D:3)
  7 orcs
  3 ball pythons
  4 giant cockroaches
  5 hobgoblins
  2 jackals (D:3)
  8 kobolds
  2 quokkas
  6 bats
  6 frilled lizards
  9 goblins
  7 rats
76 creatures vanquished.

Vanquished Creatures (others)
  2 plants (D:4)
2 creatures vanquished.

Grand Total: 78 creatures vanquished

Notes
Turn   | Place    | Note
-------+----------+-------------------------------------------
     0 | D:1      | 95kv the Demigod Warper began the quest for the Orb.
     0 | D:1      | Reached XP level 1. HP: 17/17 MP: 5/5
   114 | D:1      | Reached skill level 1 in Armour
   211 | D:1      | Reached XP level 2. HP: 23/24 MP: 7/7
  1136 | D:1      | Reached XP level 3. HP: 28/29 MP: 8/8
  2116 | D:2      | Reached XP level 4. HP: 37/37 MP: 10/10
  2122 | D:2      | Found an ornate altar of the Wu Jian Council.
  2196 | D:2      | Learned a level 2 spell: Blink
  2199 | D:2      | Learned a level 2 spell: Shroud of Golubria
  2852 | D:2      | Found a sparkling altar of Nemelex Xobeh.
  2973 | D:3      | Found a faded altar of an unknown god.
  3743 | D:3      | Reached XP level 5. HP: 34/42 MP: 11/11
  3822 | D:3      | Noticed Terence
  3838 | D:3      | Killed Terence
  4332 | D:4      | Reached skill level 3 in Translocations
  4818 | D:4      | Gained mutation: You have a somewhat thin skeletal
                  | structure. (Dex +2, Stealth) [potion of mutation]
  4818 | D:4      | Gained mutation: You are frail. (-10% HP) [potion of
                  | mutation]
  4818 | D:4      | Gained mutation: You have a moderately thin skeletal
                  | structure. (Dex +4, Stealth+) [potion of mutation]
  4818 | D:4      | Gained mutation: You have a pair of small antennae on your
                  | head. [potion of mutation]
  4838 | D:4      | Killed from afar by an orc priest

Levels and vault maps discovered:
D:1:      dpeg_arrival_prison, layout_loops_ring
D:2:      layout_rooms, lemuel_doored_altar, lemuel_round_altar,
          kennysheep_generic_room_5
D:3:      layout_loops_ring, chequers_ecumenical_altar_island, uniq_terence
D:4:      layout_basic, minitemple, minmay_temple_entry_gardened_gates

Skill      XL: |  1  2  3  4  5 |
---------------+----------------+-----
Armour         | 1 2 |  2.2
Polearms       | 2 |  2.8
Fighting       | 2 |  2.8
Dodging        | 2 |  2.8
Spellcasting   | 2 |  2.6
Translocations | 3 |  3.0
Throwing       | |  0.8

Action                   |  1- 3 |  4- 6 || total
-------------------------+-------+-------++-------
Melee: Spear             |   182 |   107 ||   289
       Trident           |       |    80 ||    80
 Cast: Shroud of Golubri |       |     2 ||     2
       Blink             |       |     1 ||     1
  Use: Potion            |     3 |     6 ||     9
       Scroll            |     3 |     2 ||     5
 Stab: Sleeping          |     2 |       ||     2
  Eat: Chunk             |     3 |     7 ||    10
       Ration            |       |     1 ||     1
Armor: Scale mail        |    50 |    30 ||    80
       Leather armour    |     6 |       ||     6
       Ring mail         |       |    18 ||    18
Dodge: Dodged            |    81 |    94 ||   175
